 Dungeon Crawl Stone Soup version 0.30-a0-879-ga8ba668304 (webtiles) character file.

Game seed: 9180603085304671751

147 jasper the Magician (level 5, -1/58 HPs)
             Began as a Djinni Venom Mage on Mar 13, 2023.
             Slain by an ice beast (6 damage)
             ... on level 7 of the Dungeon.
             The game lasted 00:03:06 (1504 turns).

jasper the Magician (Djinni Venom Mage)             Turns: 1504, Time: 00:03:07

Health: -1/58      AC:  2    Str:  5 (7)  XL:     5   Next: 54%
Gold:   78         EV: 12    Int: 18 (21) God:
                   SH:  0    Dex: 11 (13)

rFire   + + .      SeeInvis .    i - +4 whip of Irrepressible Laughter {holy, rC+ Int+2}
rCold   . . .      Faith    .    (no shield)
rNeg    . . .      Spirit   .    a - +0 robe
rPois   ∞          Reflect  .    (no helmet)
rElec   .          Rampage  .    (no cloak)
rCorr   .                        (no gloves)
Will    .....                    (boots unavailable) Stlth
                                 (no amulet)
HPRegen 0.29/turn                (no ring)
MPRegen 0.00/turn                (no ring)

@: berserking, flying, very quick
A: sickness immunity, fire resistance 2, cold vulnerability 1, float, innate
caster, HP casting, extra vitality 1
a: no special abilities


You were on level 7 of the Dungeon.
You visited 1 branch of the dungeon, and saw 6 of its levels.

You collected 78 gold pieces.

Inventory:

Hand Weapons
 d - a +0 short sword
 i - the +4 whip of Irrepressible Laughter (weapon) {holy, rC+ Int+2}
   (You found it on level 4 of the Dungeon)

   Int:       It affects your intelligence (+2).
   rC:        It protects you from cold.
Missiles
 e - 20 stones
Armour
 a - a +0 robe (worn)
Magical Staves
 h - a staff of death
Potions
 b - 2 potions of brilliance
 j - a potion of might {unknown}
 l - a potion of invisibility {unknown}
 m - a potion of magic {unknown}


   Skills:
 + Level 2.5 Fighting
 - Level 2.1 Dodging
 - Level 1.5 Stealth
 * Level 3.9 Spellcasting


You knew the following spells:

 Your Spells              Type           Power      Damage    Failure   Level
a - Sting                 Tmut/Pois      68%        1d6       3%          1
b - Poisonous Vapours     Pois/Air       34%        N/A       4%          2
c - Mephitic Cloud        Conj/Pois/Air  17%        N/A       9%          3
d - Olgreb's Toxic Radia  Pois           17%        N/A       28%         4
e - Freeze                Ice            68%        1d8       3%          1
f - Blink                 Tloc           34%        N/A       4%          2
Your spell library was empty.

Dungeon Overview and Level Annotations

Branches:
Dungeon (7/15)
 Temple: D:4-7

Altars:
Gozag
Uskayaw

Annotations:
D:1 1 transporter
D:6 exclusion: water moccasin


Innate Abilities, Weirdness & Mutations

You are immune to sickness and miasma.
You are immune to poison.
Your flesh is very heat resistant. (rF++)
You are vulnerable to cold. (rC-)
You float through the air rather than walking.
You learn spells naturally, not from books.
Your magical power is your life essence.
You have superior vitality. (+4 MHP)


Message History

You closely miss the ice beast.
The ice beast is lightly wounded.
The ice beast hits you. The ice beast freezes you!
You take 14 damage, and have 24/39 hp.
MASSIVE DAMAGE!!
You hit the ice beast.
The ice beast is lightly wounded.
The ice beast closely misses you.
You hit the ice beast.
The ice beast is moderately wounded.
The ice beast barely misses you.
You hit the ice beast.
The ice beast is moderately wounded.
The ice beast hits you. The ice beast freezes you.
You take 7 damage, and have 17/39 hp.
Aiming: Sting (safe; 2% risk of failure)
Press: ? - help, Q - select action, (/) - cycle Shift-Dir - straight line, f/p - ice beast
Aim: an ice beast (moderately wounded, poisoned, 76% to hit)
The sting misses the ice beast.
The ice beast misses you. The ice beast attacks as you move away!
The ice beast hits you but does no damage.
The ice beast attacks as you move away! The ice beast hits you.
The ice beast freezes you!
* * * LOW HITPOINT WARNING * * *
You take 12 damage, and have 5/39 hp.
MASSIVE DAMAGE!!
It was a potion of degeneration.
There was something very wrong with that liquid.
You feel weakened.
You feel dopey.
You feel clumsy.
The ice beast looks more healthy.
The ice beast misses you.
It was a potion of berserk rage.
A red film seems to cover your vision as you go berserk!
You feel yourself moving faster!
You feel mighty!
The ice beast hits you but does no damage.
You now have 9/58 hp.
You whack the ice beast!
The ice beast is almost dead.
The ice beast hits you.
* * * LOW HITPOINT WARNING * * *
The ice beast freezes you.
You die...

... #.#
#g# #.#
#g# #.#
#.#
#.#######
#..)..@.#
#######Y#
#.########
#........(
#.########
###


You could see an ice beast.

Vanquished Creatures
  A hound (D:4)
  A jelly (D:4)
  A sleepcap (D:5)
  2 gnolls (D:7)
  A white imp (D:7)
  A dart slug (D:4)
  5 orcs
  3 bats (D:2)
  An endoplasm (D:2)
  A giant cockroach (D:4)
  A goblin (D:4)
  3 hobgoblins
  2 jackals (D:2)
  2 ball pythons (D:2)
  A frilled lizard (D:1)
  A rat (D:1)
27 creatures vanquished.

Notes
Turn   | Place    | Note
-------+----------+-------------------------------------------
     0 | D:1      | jasper the Djinni Venom Mage began the quest for the Orb.
     0 | D:1      | jasper set off with the following spells memorised: Sting,
                  | Poisonous Vapours, Mephitic Cloud, Olgreb's Toxic Radiance.
     0 | D:1      | Reached XP level 1. HP: 15/15 MP: 0/0
   284 | D:2      | Reached XP level 2. HP: 7/22 MP: 0/0
   539 | D:2      | Reached skill level 1 in Fighting
   549 | D:2      | You are sucked into a shaft and drop 2 floors!
   567 | D:4      | Identified the +4 whip of Irrepressible Laughter {holy, rC+
                  | Int+2}
   652 | D:4      | Reached skill level 3 in Spellcasting
   652 | D:4      | Reached XP level 3. HP: 10/27 MP: 0/0
   652 | D:4      | Learned a level 1 spell: Freeze
   652 | D:4      | Reached XP level 4. HP: 12/32 MP: 0/0
   931 | D:5      | Entered Level 5 of the Dungeon
   950 | D:5      | Found a hide-covered altar of Uskayaw.
   997 | D:5      | Reached XP level 5. HP: 7/39 MP: 0/0
   997 | D:5      | Learned a level 2 spell: Blink
  1168 | D:5      | Found an opulent altar of Gozag.
  1241 | D:6      | Noticed a water moccasin
  1489 | D:7      | Noticed an ice beast
  1504 | D:7      | Slain by an ice beast

Illustrated notes

Levels and vault maps discovered:
D:1:      spicycebolla_arrival_risky_transporter, layout_loops_corners
D:2:      layout_loops_ring
D:4:      layout_loops_ring, nicolae_ru_awakened_eye, ebering_ghost_rock_garden,
          grunt_decor_mini_mirrors, serial_park_tiny_1
D:5:      lemuel_ratsnest, layout_loops_ring, grunt_gozag_statues,
          nicolae_uskayaw_murder_on_the_dancefloor,
          minmay_temple_entry_proselytizer, dreamdust_princess_bridge,
          minmay_lizard_king, uniq_prince_ribbit1
D:6:      layout_loops_ring, mainiacjoe_overflow_alcove_1
D:7:      layout_basic, lemuel_mausoleum_altar_kikubaaqudgha, uniq_maggie,
          uniq_joseph

Skill      XL: |  1  2  3  4 |
---------------+-------------+-----
Fighting       | 1 2 |  2.5
Spellcasting   | 3 |  3.9
Dodging        | |  2.1
Stealth        | |  1.5

Action                     |  1- 3 |  4- 6 || total
---------------------------+-------+-------++-------
  Melee: Short sword       |     2 |       ||     2
         Whip              |     6 |    23 ||    29
  Throw: Javelin           |       |     2 ||     2
   Cast: Sting             |    22 |    10 ||    32
         Poisonous Vapours |     9 |     2 ||    11
         Olgreb's Toxic Ra |       |     2 ||     2
    Use: Scroll            |       |     5 ||     5
         Potion            |       |     2 ||     2
 Armour: Robe              |     1 |     5 ||     6
  Dodge: Dodged            |     9 |    15 ||    24

Table legend: (Time is in decaauts)
 A = Elapsed time spent in this place.
 B = Non-inter-level travel time spent in this place.
 C = Inter-level travel time spent in this place.
 D = Time resting spent in this place.
 E = Time spent auto-exploring this place.
 F = Levels seen in this place.
 G = Mean time per level.
                   A        B        C        D        E       F      G
               +--------+--------+--------+--------+--------+-----+--------+
         Total |   1505 |   1415 |     90 |    183 |    944 |   6 |  250.8 |
       Dungeon |   1505 |   1415 |     90 |    183 |    944 |   6 |  250.8 |
               +--------+--------+--------+--------+--------+-----+--------+

Top non-repeatable levels by time:
     D:4: 390 daAuts
     D:2: 382 daAuts
     D:6: 267 daAuts
     D:5: 257 daAuts
     D:1: 166 daAuts
     D:7: 42 daAuts
